 Dungeon Crawl Stone Soup version 0.28.0-53-g5a82cb258f (webtiles) character file.

Game seed: 2878825978123427897

2912 Sin92 the Skirmisher (level 9, -2/72 HPs)
             Began as a Demonspawn Fighter on Aug 18, 2022.
             Was a Believer of Okawaru.
             Killed from afar by an electric eel (5 damage)
             ... with a bolt of electricity
             ... on level 7 of the Dungeon on Aug 20, 2022.
             The game lasted 00:17:42 (7673 turns).

Sin92 the Skirmisher (Demonspawn Fighter)           Turns: 7673, Time: 00:17:42

Health: -2/72      AC: 18    Str: 21    XL:     9   Next: 49%
Magic:  0/9        EV: 11    Int: 10    God:    Okawaru [**....]
Gold:   326        SH:  5    Dex: 12    Spells: 8/8 levels left

rFire   . . .      SeeInvis .   a - +1 war axe (flame)
rCold   . . .      Faith    .   c - +0 buckler
rNeg    . . .      Spirit   +   h - +3 plate armour
rPois   +          Reflect  .   (no helmet)
rElec   .          Harm     .   e - +0 cloak
rCorr   .          Rampage  .   (no gloves)
Will    .....                   (no boots)
Stlth   ..........              (no amulet)
HPRegen 0.22/turn               g - +4 ring of evasion
MPRegen 0.22/turn               o - ring of poison resistance

@: studying Bows
A: rugged brown scales 2, magic shield, magic regeneration
a: Renounce Religion, Heroism


You were on level 7 of the Dungeon.
You worshipped Okawaru.
Okawaru was pleased with you.
You visited 1 branch of the dungeon, and saw 7 of its levels.

You collected 326 gold pieces.

Inventory:

Hand Weapons
 a - a +1 war axe of flaming (weapon)
 l - a +0 mace of protection
 m - a +1 hand axe of flaming
Missiles
 r - 3 throwing nets (quivered)
Armour
 b - a +0 scale mail
 c - a +0 buckler (worn)
 e - a +0 cloak (worn)
 h - a +3 plate armour (worn)
Jewellery
 g - a +4 ring of evasion (left hand)
 o - a ring of poison resistance (right hand)
 s - a ring of fire
 u - a ring of ice
Wands
 n - a wand of iceblast (11)
 p - a wand of flame (29)
 v - a wand of polymorph (6)
Scrolls
 f - a scroll of fear
 q - a scroll of vulnerability
Potions
 d - a potion of degeneration {unknown}
 j - a potion of mutation {unknown}
 k - 2 potions of brilliance {unknown}


   Skills:
 + Level 6.1 Fighting
 - Level 4.6(5.8) Axes
 * Level 5.4(6.2) Maces & Flails
 + Level 5.5 Armour
 + Level 4.5 Dodging
 + Level 5.6 Shields


You had 8 spell levels left.
You didn't know any spells.
Your spell library contained the following spells:

 Spells                   Type           Power      Damage    Failure   Level
 Shock                    Conj/Air       0%         1d3       100%        1
 Corpse Rot               Necr/Air       0%         N/A       100%        2
 Swiftness                Air            0%         N/A       100%        3
 Airstrike                Air            0%         N/A       100%        4
 Dispel Undead            Necr           0%         3d6       100%        4
 Storm Form               Tmut/Air       0%         N/A       100%        7
 Maxwell's Capacitive Co  Air            0%         ∞         100%        8
 Summon Lightning Spire   Summ/Air       Unusable   N/A       N/A         4
 Death Channel            Necr           Unusable   N/A       N/A         6

Dungeon Overview and Level Annotations

Branches:
Dungeon (7/15)             Temple (0/1) D:5

Altars:
Ashenzari
Elyvilon
Hepliaklqana
Nemelex Xobeh
Okawaru
Qazlal
Sif Muna
Trog
Vehumet
Yredelemnul
Zin

Shops:
D:1 (=?   D:4 (


Innate Abilities, Weirdness & Mutations

You are mostly covered in rugged brown scales. (AC +2, +5% HP)
When hurt, damage is shared between your health and your magic reserves.
You regenerate magic rapidly.


Message History

The electric eel shoots out a bolt of lightning at you!
The bolt of electricity hits you!
The bolt of electricity hits the plant!
The plant begins to die.
An electric eel comes into view.
The electric eel shoots out a bolt of lightning at you!
The bolt of electricity hits you.
The bolt of electricity hits the plant!
The electric eel moves out of view.
The electric eel shoots out a bolt of lightning at you!
The bolt of electricity hits the electric eel.
The electric eel completely resists.
The bolt of electricity hits you.
A nearby plant withers and dies.
You start resting.
An electric eel is nearby!
The electric eel shoots out a bolt of lightning at you!
The bolt of electricity misses you.
You closely miss the electric eel.
The electric eel shoots out a bolt of lightning at you!
The bolt of electricity hits you!
* * * LOW HITPOINT WARNING * * *
You closely miss the electric eel.
The electric eel shoots out a bolt of lightning at you!
The bolt of electricity hits the electric eel.
The electric eel completely resists.
The bolt of electricity hits you.
* * * LOW HITPOINT WARNING * * *
The bolt of electricity hits you.
* * * LOW HITPOINT WARNING * * *
You closely miss the electric eel.
Unknown command.
You miss the electric eel.
The electric eel shoots out a bolt of lightning at you!
The bolt of electricity hits the electric eel.
The electric eel completely resists.
The bolt of electricity hits you.
* * * LOW HITPOINT WARNING * * *
The bolt of electricity hits you!
* * * LOW HITPOINT WARNING * * *
You hit the electric eel. You burn the electric eel.
The electric eel is moderately wounded.
The electric eel shoots out a bolt of lightning at you!
The bolt of electricity hits you.
You die...

...#
#.≈♣PP♣≈≈≈≈≈≈≈≈≈≈
.###
#.♣♣≈≈≈≈≈≈≈≈≈≈≈≈≈
##
#.≈♣≈≈≈≈≈≈≈≈≈≈S≈≈≈
#..≈P♣≈≈≈≈≈≈≈S≈S≈≈
##..♣†≈≈≈♣≈≈≈≈≈≈≈≈
##..♣♣≈≈≈≈≈≈♣≈≈≈
##.♣♣≈S♣♣PP≈≈P≈
#....S♣♣♣≈♣≈≈P
####..@..≈♣ ♣♣
#####....# #####


You could see 2 electric eels.

Vanquished Creatures
  A two-headed ogre (D:6)
  A wraith (D:6)
  Duvessa (D:5)
  A water moccasin (D:7)
  A sky beast (D:6)
  4 ogres
  A centaur (D:4)
  2 necrophages
  2 phantoms
  A bullfrog (D:6)
  2 kobold brigands
  2 scorpions
  Dowan (D:5)
  A wight (D:6)
  2 electric eels (D:7)
  2 hounds (D:4)
  Crazy Yiuf (D:3)
  2 orc priests
  3 centaur zombies
  Natasha (twice) (D:2)
  3 iguanas
  3 orc wizards
  A hound skeleton (D:5)
  4 gnolls (D:4)
  6 adders
  An ufetubus (D:5)
  A worm (D:2)
  A dart slug (D:3)
  17 orcs
  7 ball pythons
  7 endoplasms
  4 giant cockroaches
  14 goblins
  8 hobgoblins
  4 jackals (D:3)
  11 kobolds
  2 quokkas
  6 bats
  9 frilled lizards
  10 rats
152 creatures vanquished.

Vanquished Creatures (others)
  4 fungi (D:3)
  22 plants
26 creatures vanquished.

Grand Total: 178 creatures vanquished

Notes
Turn   | Place    | Note
-------+----------+-------------------------------------------
     0 | D:1      | Sin92 the Demonspawn Fighter began the quest for the Orb.
     0 | D:1      | Reached XP level 1. HP: 18/18 MP: 1/1
   239 | D:1      | Gained mutation: You are partially covered in rugged brown
                  | scales. (AC +1, +3% HP) [demonic ancestry]
   239 | D:1      | Reached XP level 2. HP: 18/24 MP: 2/2
   320 | D:1      | Found Osoqiosh's Jewellery Shop.
   409 | D:1      | Found Faidio's Magic Scroll Boutique.
   873 | D:1      | Found Koryn's Weapon Boutique.
  1176 | D:2      | Gained mutation: You are mostly covered in rugged brown
                  | scales. (AC +2, +5% HP) [demonic ancestry]
  1176 | D:2      | Reached XP level 3. HP: 22/30 MP: 3/3
  1650 | D:2      | Noticed Natasha
  1666 | D:2      | Killed Natasha
  1667 | D:2      | Reached skill level 1 in Dodging
  1667 | D:2      | Gained mutation: You regenerate magic rapidly. [demonic
                  | ancestry]
  1667 | D:2      | Reached XP level 4. HP: 21/36 MP: 4/4
  2054 | D:2      | Noticed Natasha
  2060 | D:2      | Killed Natasha
  2532 | D:3      | Found a runed translucent door.
  2533 | D:3      | Noticed Crazy Yiuf
  2592 | D:3      | Noticed a phantom
  2605 | D:3      | Killed a phantom
  2606 | D:3      | Gained mutation: When hurt, damage is shared between your
                  | health and your magic reserves. [demonic ancestry]
  2606 | D:3      | Reached XP level 5. HP: 39/44 MP: 5/5
  2705 | D:3      | Found a broken altar of Ashenzari.
  3270 | D:3      | Found a stormy altar of Qazlal.
  3612 | D:3      | Found a faded altar of an unknown god.
  3678 | D:3      | Killed Crazy Yiuf
  3896 | D:4      | Reached skill level 4 in Fighting
  3896 | D:4      | Reached XP level 6. HP: 44/50 MP: 4/6
  4355 | D:4      | Reached XP level 7. HP: 44/56 MP: 7/7
  4484 | D:4      | Found Miuthrem's Antique Weapon Boutique.
  4655 | D:4      | Found an iron altar of Okawaru.
  4670 | D:4      | Found a radiant altar of Vehumet.
  4681 | D:4      | Found a basalt altar of Yredelemnul.
  4689 | D:4      | Found a hazy altar of Hepliaklqana.
  4693 | D:4      | Became a worshipper of Warmaster Okawaru
  4795 | D:4      | Found a sparkling altar of Nemelex Xobeh.
  5113 | D:5      | Entered Level 5 of the Dungeon
  5133 | D:5      | Reached skill level 1 in Maces & Flails
  5191 | D:5      | Noticed Dowan
  5192 | D:5      | Noticed Duvessa
  5203 | D:5      | Killed Duvessa
  5226 | D:5      | Killed Dowan
  5227 | D:5      | Reached XP level 8. HP: 53/64 MP: 6/8
  5403 | D:5      | Found a staircase to the Ecumenical Temple.
  5812 | D:6      | Noticed a two-headed ogre
  5815 | D:6      | Reached skill level 5 in Fighting
  5831 | D:6      | Killed a two-headed ogre
  5831 | D:6      | Reached * piety under Okawaru
  5831 | D:6      | Reached ** piety under Okawaru
  5832 | D:6      | Reached skill level 5 in Armour
  5832 | D:6      | Reached skill level 5 in Shields
  5832 | D:6      | Reached XP level 9. HP: 20/71 MP: 4/9
  6540 | D:6      | Found a shimmering blue altar of Sif Muna.
  7008 | D:6      | Reached skill level 5 in Maces & Flails
  7091 | D:7      | Reached skill level 6 in Fighting
  7598 | D:7      | Found a bloodstained altar of Trog.
  7672 | D:7      | HP: 3/72 [electric eel/bolt of electricity (9)]
  7673 | D:7      | Killed from afar by an electric eel

Illustrated notes

Levels and vault maps discovered:
D:1:      dpeg_arrival_round_a, layout_basic, serial_shops,
          nicolae_diamond_shop, shop, nicolae_shop_stone, amethyst_killhole
D:2:      minmay_evil_eye, layout_basic, nicolae_elevator_lobby_plus,
          uniq_natasha
D:3:      layout_loops_corners, mainiacjoe_overflow_concentric_impassable,
          overflow_temple_1_default, basic_ecumenical_altar,
          uniq_crazy_yiuf_cottage
D:4:      layout_basic, nemelex_altar_shiori, grunt_temple_overflow_open,
          serial_shops, nicolae_shop_advertising_works
          [nicolae_subvault_shop_adworks], serial_park_tiny_1
D:5:      layout_rooms, minmay_temple_entry_proselytizer, abandoned_shop,
          hangedman_abyss_or_decor_stabs, lexackson_kobold_supper, uniq_duvessa
D:6:      layout_basic, mainiacjoe_overflow_paths, marbit_many_paths,
          minmay_manual_mail
D:7:      layout_cave_pools, chei_slow_surprise,
          mainiacjoe_overflow_tiny_flanked, serial_bayou, serial_bayou_lake_a,
          serial_bayou_pond_d, serial_bayou_ford_a, serial_bayou_pond_e,
          serial_bayou_pond_e, serial_bayou_pond_a, grunt_ogre_cave

Skill      XL: |  1  2  3  4  5  6  7  8  9 |
---------------+----------------------------+-----
Axes           | 2 3 4 |  4.6
Armour         | 3 4 5 |  5.5
Dodging        | 1 2 3 4 |  4.5
Shields        | 3 4 5 |  5.6
Fighting       | 4 5 6 |  6.1
Maces & Flails | 2 4 5 |  5.4

Action                   |  1- 3 |  4- 6 |  7- 9 || total
-------------------------+-------+-------+-------++-------
Melee: War axe           |    94 |   193 |   244 ||   531
  Use: Scroll            |     3 |     4 |     6 ||    13
       Potion            |       |       |     2 ||     2
Armor: Scale mail        |    36 |       |       ||    36
       Plate armour      |     4 |   172 |   148 ||   324
Dodge: Dodged            |    30 |    96 |   121 ||   247
Block: Buckler           |    23 |    52 |    61 ||   136
